 Seeded DCSS version 0.27.1 (webtiles) character file.

Game seed: 14036611466628663890 (custom seed)

270 oldmanjim the Shield-Bearer (level 6, -5/48 HPs)
             Began as a Merfolk Fighter on Aug 22, 2021.
             Was a Follower of Elyvilon.
             Slain by Pikel (7 damage)
             ... on level 4 of the Dungeon.
             The game lasted 00:24:40 (3524 turns).

oldmanjim the Shield-Bearer (Merfolk Fighter)       Turns: 3524, Time: 00:24:40

Health: -5/48      AC: 10    Str: 19    XL:     6   Next: 22%
Magic:  5/6        EV:  7    Int:  7    God:    Elyvilon [*.....]
Gold:   11         SH: 10    Dex: 13    Spells: 5/5 levels left

rFire    + . .     SeeInvis .   a - +8 lance "Wyrmbane" {slay drac, rPois rF+ rC+ AC+3}
rCold    + . .     Faith    +   c - +0 kite shield
rNeg     . . .     Spirit   .   h - +0 scale mail
rPois    +         Reflect  .   (no helmet)
rElec    .         Harm     .   (no cloak)
rCorr    .         Rampage  .   (no gloves)
Will     .....                  j - +0 pair of boots
Stlth    ..........             m - amulet of faith
HPRegen  0.16/turn              (no ring)
MPRegen  0.10/turn              (no ring)

@: divinely protected
A: (nimble swimmer 2), mertail
a: Renounce Religion, Lesser Healing, Divine Protection


You were on level 4 of the Dungeon.
You worshipped Elyvilon.
Elyvilon was aware of your devotion.
You visited 1 branch of the dungeon, and saw 4 of its levels.

You collected 1085 gold pieces.
You spent 1074 gold pieces at shops.

Inventory:

Hand Weapons
 a - the +8 lance "Wyrmbane" (weapon) {slay drac, rPois rF+ rC+ AC+3}
   (You bought it in a shop on level 2 of the Dungeon)

   It inflicts extra damage against dragons and draconians.
   AC:        It affects your AC (+3).
   rF:        It protects you from fire.
   rC:        It protects you from cold.
   rPois:     It protects you from poison.
 b - a +0 hunting sling
Missiles
 e - 102 stones (quivered)
 k - 12 bolts
 q - 25 sling bullets
Armour
 c - a +0 kite shield (worn)
 h - a +0 scale mail (worn)
 j - a +0 pair of boots (worn)
Jewellery
 m - an amulet of faith (around neck)
Scrolls
 f - a scroll of amnesia
 o - a scroll of identify
 p - a scroll of enchant armour {unknown}
Potions
 d - 2 potions of might
 g - 2 potions of brilliance
 l - a potion of lignification {unknown}
 n - a potion of curing {unknown}


   Skills:
 - Level 4.0 Fighting
 - Level 5.0 Polearms
 - Level 2.1 Armour
 + Level 0.0 Dodging
 + Level 5.8 Shields


You had 5 spell levels left.
You didn't know any spells.
Your spell library contained the following spells:

 Spells                   Type           Power      Damage    Failure   Level
 Apportation              Tloc           0%         N/A       99%         1


Dungeon Overview and Level Annotations

Branches:
Dungeon (4/15)
 Temple: D:4-7

Altars:
Cheibriados
Elyvilon
Kikubaaqudgha
Wu Jian

Shops:
D:2 ?[(??

Annotations:
D:4 Pikel


Innate Abilities, Weirdness & Mutations

((You are quick and stealthy near water. (Stealth+, EV+, Speed+++)))
Your lower body shifts to a powerful aquatic tail in water.


Message History

You closely miss Pikel.
Pikel is moderately wounded.
Pikel hits you with a +1 whip of electrocution.
You are electrocuted!
You are too injured to fight recklessly!
You closely miss Pikel.
Pikel is moderately wounded.
Pikel hits you with a +1 whip of electrocution!
* * * LOW HITPOINT WARNING * * *
You are healed.
You block Pikel's attack.
Unknown command.
You closely miss Pikel.
Pikel is moderately wounded.
You block Pikel's attack.
You closely miss Pikel.
Pikel is moderately wounded.
Pikel hits you with a +1 whip of electrocution.
You are electrocuted!
* * * LOW HITPOINT WARNING * * *
Unknown command.
You are healed.
You block Pikel's attack.
Unknown command.
As you read the scroll of fog, it crumbles to dust.
The scroll dissolves into smoke.
Pikel hits you but does no damage.
You hit Pikel.
Pikel is moderately wounded.
You block Pikel's attack.
You closely miss Pikel.
Pikel is moderately wounded.
Pikel barely misses you.
You barely miss Pikel.
Pikel is moderately wounded.
Pikel hits you but does no damage.
You completely miss Pikel.
Pikel is moderately wounded.
Pikel hits you with a +1 whip of electrocution.
* * * LOW HITPOINT WARNING * * *
You beseech Elyvilon to protect your life.
Pikel hits you with a +1 whip of electrocution!
You die...

### ##§## #...## ##§§..#
#...@### ##...K§§##
######...§§§§§#
##.##.#...§§§§§#..
##..........§§§§§.....
#..........§§.§.....##
####...................#
#.............(........#
#.................>....#


You could see Pikel.

Vanquished Creatures
  A necrophage (D:2)
  4 lemures (D:3)
  A vampire bat (D:3)
  An iguana (D:4)
  A gnoll (D:1)
  A howler monkey skeleton (D:4)
  3 adders (D:2)
  A dart slug (D:3)
  9 ball pythons
  4 bat skeletons (D:3)
  2 bat zombies (D:3)
  6 endoplasms
  A giant cockroach (D:1)
  11 goblins
  2 hobgoblins
  5 jackals (D:1)
  4 quokkas
  3 bats
  5 frilled lizards
  6 kobolds
  5 rats
76 creatures vanquished.

Vanquished Creatures (others)
  A fungus (D:1)
  2 plants (D:2)
3 creatures vanquished.

Grand Total: 79 creatures vanquished

Notes
Turn   | Place    | Note
-------+----------+-------------------------------------------
     0 | D:1      | oldmanjim the Merfolk Fighter began the quest for the Orb.
     0 | D:1      | Reached XP level 1. HP: 18/18 MP: 1/1
   182 | D:1      | Reached XP level 2. HP: 23/24 MP: 2/2
   367 | D:1      | Reached XP level 3. HP: 30/30 MP: 3/3
   510 | D:1      | Found a faded altar of an unknown god.
   514 | D:1      | Got Plato's Volume of Displacement
   962 | D:2      | Found a snail-covered altar of Cheibriados.
   982 | D:2      | Found Suuttis's Magic Scroll Shoppe.
  1062 | D:2      | Found Recukecasm's Magic Scroll Boutique.
  1070 | D:2      | Bought a scroll of fog for 24 gold pieces
  1224 | D:2      | Reached XP level 4. HP: 21/37 MP: 4/4
  1408 | D:2      | Found Kistea's Weapon Shop.
  1463 | D:2      | Found Ywoahe Xelo's Armour Shop.
  1620 | D:2      | Found Ciliuc's Magic Scroll Emporium.
  1751 | D:2      | Identified a scroll of acquirement
  1751 | D:2      | Acquired 972 gold pieces
  1878 | D:2      | Noticed a necrophage
  1985 | D:3      | Found a white marble altar of Elyvilon.
  1994 | D:3      | Became a worshipper of Elyvilon the Healer
  2397 | D:3      | Found an ancient bone altar of Kikubaaqudgha.
  2413 | D:3      | Reached skill level 5 in Polearms
  2413 | D:3      | Reached XP level 5. HP: 40/42 MP: 5/5
  2476 | D:3      | Reached * piety under Elyvilon
  2600 | D:3      | Found an ornate altar of the Wu Jian Council.
  2777 | D:4      | Noticed Pikel
  2777 | D:4      | Noticed a lemure
  2777 | D:4      | Noticed a lemure
  2847 | D:4      | Reached skill level 5 in Shields
  2861 | D:4      | Noticed a lemure
  3151 | D:2      | Killed a necrophage
  3152 | D:2      | Reached XP level 6. HP: 37/48 MP: 6/6
  3205 | D:2      | Bought the +8 lance "Wyrmbane" {slay drac, rPois rF+ rC+
                  | AC+3} for 1050 gold pieces
  3205 | D:2      | Found the +8 lance "Wyrmbane" {slay drac, rPois rF+ rC+
                  | AC+3}
  3514 | D:4      | HP: 1/48 [Pikel (14)]
  3523 | D:4      | HP: 2/48 [Pikel (4)]
  3524 | D:4      | Slain by Pikel

Illustrated notes

Levels and vault maps discovered:
D:1:      elethiomel_arrival_infinity_welcomes_careful_drivers, layout_rooms,
          shapermc_ecumenical_altar_rom_forum, minmay_stone_trees_medium,
          minmay_misc_feat_five
D:2:      layout_loops_ring, basic_altar, serial_shops, shop, shop, shop, shop,
          shop, minmay_shallow_snake_nest
D:3:      layout_basic, nicolae_wu_jian_immortal_techniques,
          mainiacjoe_overflow_chevrons, kennysheep_vampire_church,
          hangedman_decor_diamond_cutter, kennysheep_generic_room_8
D:4:      layout_cave_pools, serial_shops, kennysheep_mini,
          minmay_misc_feat_plants, uniq_pikel

Skill      XL: |  1  2  3  4  5 |
---------------+----------------+-----
Polearms       | 4 5 |  5.0
Fighting       | 4 |  4.0
Shields        | 4 5 |  5.8
Armour         | |  2.1

Action                   |  1- 3 |  4- 6 || total
-------------------------+-------+-------++-------
Melee: Trident           |   114 |   156 ||   270
       Lance             |       |    37 ||    37
 Fire: Hunting sling     |       |     3 ||     3
Invok: Lesser Healing    |       |     2 ||     2
       Divine Protection |       |     1 ||     1
  Use: Scroll            |     1 |     3 ||     4
Armor: Scale mail        |    35 |    83 ||   118
Dodge: Dodged            |    28 |    51 ||    79
Block: Kite shield       |    58 |   100 ||   158
